 Dungeon Crawl Stone Soup version 0.21.1-1-g345015fe64 (webtiles) character file.

134 Oravi the Insei (level 5, -2/55 HPs)
             Began as a Merfolk Transmuter on Apr 13, 2018.
             Killed by nerve-wracking pain
             ... invoked by an orc priest
              (9 damage)
             ... on level 2 of the Dungeon.
             The game lasted 00:06:17 (2058 turns).

Oravi the Insei (Merfolk Transmuter)                Turns: 2058, Time: 00:06:18

Health: -2/55      AC:  2    Str: 16    XL:     5   Next: 17%
Magic:  4/8        EV: 22    Int: 13    God:
Gold:   38         SH:  0    Dex: 19    Spells: 2/8 levels left

rFire    . . .     SeeInvis .     - Unarmed
rCold    . . .     Gourm    .   (shield currently unavailable)
rNeg     . . .     Faith    .   (armour currently unavailable)
rPois    x         Spirit   .   (helmet currently unavailable)
rElec    .         Reflect  .   (cloak currently unavailable)
rCorr    .         Harm     .   (gloves currently unavailable)
MR       .....                  (boots currently unavailable)
Stlth    ..........             (no amulet)
HPRegen  0.18/turn              (no ring)
MPRegen  0.11/turn              (no ring)

@: berserking, spider-form, very quick
A: tiny, (change form in water), (swift swim), (stealthy swim)
a: End Transformation


You were on level 2 of the Dungeon.
You were not hungry.
You were a venomous arachnid creature.
You visited 1 branch of the dungeon, and saw 2 of its levels.

You collected 38 gold pieces.

Inventory:

Missiles
 a - 12 arrows
Armour
 b - a +0 robe (melded)
Scrolls
 e - a scroll of fear
Potions
 h - 2 potions of curing {unknown}
 i - a potion of lignification {unknown}
 k - a potion of invisibility {unknown}
Books
 c - a book of Changes

   Spells                             Type                      Level
   a - Beastly Appendage              Transmutation                1
   b - Sticks to Snakes               Transmutation                2
   c - Spider Form                    Transmutation/Poison         3
   d - Ice Form                       Ice/Transmutation            4
   e - Blade Hands                    Transmutation                5
Comestibles
 d - 4 rations
 f - 6 chunks of flesh


   Skills:
 + Level 1.4 Fighting
 + Level 3.4 Dodging
 + Level 4.5 Unarmed Combat
 - Level 2.0 Spellcasting
 * Level 4.4 Transmutations
 * Level 1.7 Poison Magic


You had 2 spell levels left.
You knew the following spells:

 Your Spells              Type           Power        Failure   Level  Hunger
a - Beastly Appendage     Tmut           ##....       13%         1    ##.....
b - Sticks to Snakes      Tmut           ##......     17%         2    ###....
c - Spider Form           Tmut/Pois      #.........   43%         3    ####...


Dungeon Overview and Level Annotations

Branches:
Dungeon (2/15)

Altars:
Trog


Message History

You hit the orc priest.
The orc priest is heavily wounded.
The orc wizard barely misses you. The orc hits you with a flail!
You are too injured to fight recklessly!
You are too injured to fight recklessly!
You are too injured to fight recklessly!
Casting: Spider Form
Confirm with . or Enter, or press ? or * to list all spells.
You turn into a venomous arachnid creature.
Your +0 robe melds into your body.
The orc priest mumbles some strange prayers to Beogh against you.
Beogh smites you!
* * * LOW HITPOINT WARNING * * *
The orc wizard barely misses you. The orc barely misses you.
It was a potion of berserk rage.
A red film seems to cover your vision as you go berserk!
You feel yourself moving faster!
You feel mighty!
The orc priest mumbles some strange prayers to Beogh against you.
Pain shoots through your body!
You die...

.....######.........##..# #...##
.....######.........##..####..###
.......)..)......................
.....######.<.............##.####
.........................#*#.#***
##.#....<.#..........###..,...,,,
#.........#........).# *,,,.>.***
......#.........oo...# *,,**,,,,,
..<....#.####...so.### *,,**,,,8,
....................###*...*,,,,,
......##.###.)....#...##...,,,,,,
....#......................,,,,,,
.#.........................,*,,8,
.#..###...........(......#.##.,,,
##..###...........)...........###
#...##................#.#.......
##.#..###..#.....##...##,#.......


You could see an orc priest, an orc wizard and an orc.

Vanquished Creatures
  Terence (D:2)
  A worker ant (D:2)
  3 adders (D:2)
  A worm (D:2)
  4 leopard geckos
  2 orcs (D:2)
  7 giant cockroaches
  2 goblins
  7 hobgoblins
  5 jackals
  5 kobolds
  A quokka (D:2)
  4 bats (D:1)
  2 frilled lizards
  5 rats
50 creatures vanquished.

Notes
Turn   | Place    | Note
-------+----------+-------------------------------------------
     0 | D:1      | Oravi the Merfolk Transmuter began the quest for the Orb.
     0 | D:1      | Reached XP level 1. HP: 15/15 MP: 3/3
   131 | D:1      | Reached XP level 2. HP: 11/21 MP: 3/5
   744 | D:1      | Reached XP level 3. HP: 20/26 MP: 4/6
   752 | D:1      | Learned a level 2 spell: Sticks to Snakes
   756 | D:1      | Learned a level 3 spell: Spider Form
  1229 | D:2      | Noticed Terence
  1266 | D:2      | Killed Terence
  1266 | D:2      | Reached XP level 4. HP: 25/32 MP: 3/7
  1486 | D:2      | Reached skill level 1 in Poison Magic
  1717 | D:2      | Found a bloodstained altar of Trog.
  1956 | D:2      | Reached XP level 5. HP: 37/37 MP: 3/8
  2058 | D:2      | Killed from afar by an orc priest

Skill      XL: |  1  2  3  4 |
---------------+-------------+-----
Dodging        | 3 |  3.4
Transmutations | 3 4 |  4.4
Unarmed Combat | 4 |  4.5
Poison Magic   | 1 |  1.7
Fighting       | |  1.4
Spellcasting   | |  2.0

Action                   |  1- 3 |  4- 6 || total
-------------------------+-------+-------++-------
Melee: Unarmed           |   119 |    64 ||   183
       Headbutt          |    12 |       ||    12
       Punch             |     2 |       ||     2
 Cast: Beastly Appendage |    16 |       ||    16
       Spider Form       |     3 |    16 ||    19
  Use: Scroll            |       |     3 ||     3
       Potion            |       |     1 ||     1
 Stab: Sleeping          |       |     1 ||     1
  Eat: Chunk             |     2 |     5 ||     7
Armor: Robe              |    30 |     1 ||    31
       Skin              |       |     2 ||     2
Dodge: Dodged            |   108 |    54 ||   162
